 Dungeon Crawl Stone Soup version 0.29-a0-982-gaed3a0c8d8 (webtiles) character file.

Game seed: 6338566261857270439

277 Hubris850 the Caller (level 6, -3/45 HPs)
             Began as a Draconian Summoner on Aug 1, 2022.
             Was an Initiate of Ashenzari.
             Slain by an orc
             ... wielding a +0 flail
              (5 damage)
             ... on level 4 of the Dungeon.
             The game lasted 00:10:10 (2204 turns).

Hubris850 the Caller (Draconian Summoner)           Turns: 2204, Time: 00:10:11

Health: -3/45      AC: 10    Str: 10    XL:     6   Next: 4%
Magic:  6/11       EV: 12    Int: 24    God:    Ashenzari [......]
Gold:   85         SH:  0    Dex: 11    Spells: 2/11 levels left

rFire   . . .      SeeInvis .   m - +0 quarterstaff
rCold   . . .      Faith    .   (shield currently unavailable)
rNeg    . . .      Spirit   .   (body armour unavailable)
rPois   .          Reflect  .   (helmet restricted)
rElec   .          Harm     .   (no cloak)
rCorr   .          Rampage  .   (no gloves)
Will    .....                   (no boots)
Stlth   ++........              f - amulet of the acrobat
HPRegen 0.15/turn               k - +4 ring of protection
MPRegen 0.12/turn               p - +6 ring of intelligence

@: no status effects
A: AC +6, unfitting armour, cold-blooded
a: Renounce Religion, Curse Item


You were on level 4 of the Dungeon.
You worshipped Ashenzari.
Ashenzari was noncommittal.
You visited 1 branch of the dungeon, and saw 4 of its levels.

You collected 85 gold pieces.

Inventory:

Hand Weapons
 c - a +0 falchion
 h - a +0 sling
 m - a +0 quarterstaff (weapon)
Missiles
 i - 4 boomerangs
 j - 8 poisoned darts
 l - 5 javelins
Jewellery
 f - an amulet of the acrobat (around neck)
 k - a +4 ring of protection (left hand)
 p - a +6 ring of intelligence (right hand)
 t - a ring of resist corrosion
Wands
 w - a wand of flame (26)
Scrolls
 d - a scroll of magic mapping
Potions
 a - 2 potions of magic
 b - 3 potions of curing
 e - a potion of berserk rage {unknown}
 n - 3 potions of haste
 r - a potion of heal wounds {unknown}
 v - 2 potions of might {unknown}
 x - a potion of flight {unknown}


   Skills:
 + Level 3.2 Dodging
 - Level 3.0 Stealth
 + Level 3.4 Spellcasting
 + Level 5.2 Summonings


You had 2 spell levels left.
You knew the following spells:

 Your Spells              Type           Power      Damage    Failure   Level
a - Summon Small Mammal   Summ           100%       N/A       1%          1
b - Call Imp              Summ           29%        N/A       1%          2
c - Call Canine Familiar  Summ           29%        N/A       3%          3
d - Summon Guardian Gole  Hex/Summ       16%        N/A       11%         3

Your spell library contained the following spells:

 Spells                   Type           Power      Damage    Failure   Level
 Foxfire                  Conj/Fire      16%        2x1d4     11%         1
 Shock                    Conj/Air       16%        1d4       11%         1
 Summon Lightning Spire   Summ/Air       16%        N/A       34%         4


Dungeon Overview and Level Annotations

Branches:
Dungeon (4/15)
 Temple: D:4-7

Altars:
Ashenzari
The Shining One


Innate Abilities, Weirdness & Mutations

Your plain brown scales are hard. (AC +6)
You cannot fit into any form of body armour.
You are cold-blooded and may be slowed by cold attacks.


Message History

Your crimson imp hits the orc priest.
The orc hits your guardian golem with a +0 flail!
The orc priest hits your guardian golem but does no damage.
Your guardian golem overheats!
Your crimson imp blinks!
The orc priest mumbles some strange prayers to Beogh against you.
Beogh smites you!
You hit the orc.
The orc is almost dead.
The orc hits you with a +0 hand axe.
* * * LOW HITPOINT WARNING * * *
The orc hits your guardian golem with a +0 hand axe.
Flame seeps out of your guardian golem. The orc closely misses you. x2
The orc hits your guardian golem but does no damage.
You hit the orc.
You kill the orc!
Your guardian golem is engulfed in blazing flames.
Flame seeps out of your guardian golem. The orc barely misses you.
The orc priest barely misses you.
Unknown command.
You hit the orc priest.
The orc priest is heavily wounded.
The orc hits you but does no damage. The orc priest barely misses you.
You barely miss the orc priest.
The orc priest is heavily wounded.
The orc hits you but does no damage. The orc priest hits you with a +0 club.
* * * LOW HITPOINT WARNING * * *
The orc priest calls down the wrath of Beogh upon you.
Beogh smites you!
* * * LOW HITPOINT WARNING * * *
The orc completely misses you.
You feel better. The orc hits you but does no damage.
The orc priest casts a cantrip, but nothing happens.
You barely miss the orc priest.
The orc priest is heavily wounded.
The orc priest mumbles some strange prayers to Beogh against you.
Beogh smites you!
* * * LOW HITPOINT WARNING * * *
The orc hits you with a +0 flail.
You die...

#. .# #. .#
.###.##
..#... .
#.#..#
...####.#..#
.......5#..#
.....†.9o@.#
........o#.#
...........#
........#..#
........#..#
........#..#
#####..###.#
#.# ..


You could see an orc priest (ally target), an orc (ally target), a friendly
guardian golem (summoned, inner flame) and a friendly crimson imp (summoned,
sheltered).

Vanquished Creatures
  Sigmund (D:2)
  Jessica (D:2)
  Robin (D:3)
  2 adders
  2 orcs
  6 bats
  3 giant cockroaches (D:2)
  3 goblins
  2 hobgoblins
  2 jackals
  2 quokkas (D:1)
  A ball python (D:1)
  3 frilled lizards
  2 kobolds
31 creatures vanquished.

Vanquished Creatures (collateral kills)
  An ufetubus (D:4)
  8 goblins
  5 hobgoblins
  2 quokkas
  2 ball pythons (D:1)
  A bat (D:2)
  4 frilled lizards
  A kobold (D:2)
  A rat (D:2)
25 creatures vanquished.

Vanquished Creatures (others)
  2 fungi (D:4)
2 creatures vanquished.

Grand Total: 58 creatures vanquished

Notes
Turn   | Place    | Note
-------+----------+-------------------------------------------
     0 | D:1      | Hubris850 the Draconian Summoner began the quest for the
                  | Orb.
     0 | D:1      | Reached XP level 1. HP: 14/14 MP: 3/3
   275 | D:1      | Found a faded altar of an unknown god.
   492 | D:1      | Reached XP level 2. HP: 20/20 MP: 5/5
   691 | D:2      | Noticed Jessica
   698 | D:2      | Killed Jessica
   699 | D:2      | Reached XP level 3. HP: 24/26 MP: 3/6
   707 | D:2      | Learned a level 2 spell: Call Imp
   711 | D:2      | Learned a level 3 spell: Call Canine Familiar
   903 | D:2      | Got Starting Incantation
   927 | D:2      | Found a broken altar of Ashenzari.
   948 | D:2      | Became a worshipper of Ashenzari the Shackled
   975 | D:2      | Reached XP level 4. HP: 33/33 MP: 7/7
  1056 | D:2      | Noticed Sigmund
  1087 | D:2      | Killed Sigmund
  1088 | D:2      | Reached skill level 5 in Summonings
  1088 | D:2      | Reached XP level 5. HP: 30/38 MP: 1/9
  1098 | D:2      | Learned a level 3 spell: Summon Guardian Golem
  1551 | D:3      | Noticed Robin
  1588 | D:3      | Killed Robin
  1913 | D:3      | Found a glowing golden altar of the Shining One.
  1928 | D:3      | Found a broken altar of Ashenzari.
  1936 | D:3      | Reached XP level 6. HP: 41/45 MP: 11/11
  2202 | D:4      | HP: 1/45 [orc priest/divine providence (12)]
  2204 | D:4      | Slain by an orc

Illustrated notes

Levels and vault maps discovered:
D:1:      dpeg_arrival_rooms_c, layout_basic, ebering_ecumenical_altar_box
D:2:      minmay_alternating_diamond, layout_basic, basic_altar,
          dreamdust_mushroom_princess, uniq_sigmund, uniq_jessica
D:3:      layout_loops_corners, overflow_temple_1_default, lemuel_doored_altar,
          uniq_robin
D:4:      layout_basic, mainiacjoe_overflow_alcove_4, serial_aquarium,
          aquarium_bridge_square [aquarium_subvault_window,
          aquarium_subvault_bridge, aquarium_subvault_window,
          aquarium_subvault_window], aquarium_window_1, aquarium_window_1,
          aquarium_view_2b, aquarium_balcony_1b

Skill      XL: |  1  2  3  4 |
---------------+-------------+-----
Stealth        | 2 3 |  3.0
Dodging        | 2 3 |  3.2
Spellcasting   | 3 |  3.4
Summonings     | 5 |  5.2

Action                   |  1- 3 |  4- 6 || total
-------------------------+-------+-------++-------
Melee: Falchion          |    54 |       ||    54
       Tailslap          |     5 |     1 ||     6
       Quarterstaff      |     4 |    42 ||    46
Throw: Javelin           |       |     2 ||     2
       Dart              |       |     1 ||     1
 Cast: Summon Small Mamm |    17 |       ||    17
       Call Canine Famil |     3 |     4 ||     7
       Call Imp          |       |     5 ||     5
       Summon Guardian G |       |     1 ||     1
  Use: Scroll            |       |     7 ||     7
       Potion            |       |     1 ||     1
 Stab: Sleeping          |     2 |     3 ||     5
       Distracted        |     1 |       ||     1
Armor: Skin              |    37 |    28 ||    65
Dodge: Dodged            |    65 |    62 ||   127

Table legend: (Time is in decaauts)
 A = Elapsed time spent in this place.
 B = Non-inter-level travel time spent in this place.
 C = Inter-level travel time spent in this place.
 D = Time resting spent in this place.
 E = Time spent auto-exploring this place.
 F = Levels seen in this place.
 G = Mean time per level.
                   A        B        C        D        E       F      G
               +--------+--------+--------+--------+--------+-----+--------+
         Total |   2233 |   2165 |     68 |    183 |   1377 |   4 |  558.2 |
       Dungeon |   2233 |   2165 |     68 |    183 |   1377 |   4 |  558.2 |
               +--------+--------+--------+--------+--------+-----+--------+

Top non-repeatable levels by time:
     D:3: 850 daAuts
     D:1: 685 daAuts
     D:2: 671 daAuts
     D:4: 26 daAuts
